 Dungeon Crawl Stone Soup version 0.31.0-32-g396128a36d (webtiles) character file.

Game seed: 6875320020146391103

1357 Killerpretzel the Changeling (level 8, -5/54 HPs)
             Began as an Octopode Shapeshifter on Mar 8, 2024.
             Slain by an ice beast (11 damage)
             ... on level 6 of the Dungeon.
             The game lasted 00:04:31 (5211 turns).

Killerpretzel the Changeling (OpSh)                 Turns: 5211, Time: 00:04:31

Health: -5/54      AC:  1    Str: 13    XL:     8   Next: 64%
Magic:  8/8        EV: 14    Int: 13    God:
Gold:   326        SH:  0    Dex: 13    Spells: 4/7 levels left

rFire   . .          .
                       - Unarmed
rCold   . . .        (no shield)
rNeg    . . .        (helmet currently unavailable)
rPois   .            (no amulet)
rElec   .            h - ring of flight
rCorr   .            (no ring)
SInv    .            (no ring)
Will    .....        (no ring)
Stlth   ++           (no ring)
HPRegen 0.29/turn    (no ring)
MPRegen 0.11/turn    (no ring)
                     (no ring)

%: no passive effects
@: beast-form, flying, studying Unarmed Combat
A: beast (slay +3), almost no armour, amphibious, 8 rings, camouflage 1,
gelatinous body 1, (nimble swimmer 1), tentacles
a: Begin Untransformation


You were on level 6 of the Dungeon.
You were a hulking beast.
You visited 2 branches of the dungeon, and saw 7 of its levels.

You collected 326 gold pieces.

Inventory:

Missiles
 d - 4 poisoned darts
 g - 62 stones
 m - 4 atropa-tipped darts
 r - 2 throwing nets
 y - a javelin
Jewellery
 h - a ring of flight (left tentacle)
 s - a ring of wizardry
Talismans
 b - a beast talisman
 c - a flux talisman
Wands
 l - a wand of iceblast (9)
 o - a wand of charming (13)
Scrolls
 i - 6 scrolls of teleportation
 k - a scroll of fear
 t - 2 scrolls of identify
 u - a scroll of summoning {unknown}
 w - a scroll of brand weapon {unknown}
 x - a scroll of enchant armour {unknown}
Potions
 a - 3 potions of lignification
 e - a potion of brilliance
 f - 2 potions of heal wounds {unknown}
 j - a potion of berserk rage {unknown}
 n - 2 potions of mutation {unknown}
 p - 2 potions of enlightenment {unknown}
 q - a potion of might {unknown}
 z - a potion of resistance {unknown}
 A - a potion of ambrosia {unknown}
 B - a potion of curing {unknown}


   Skills:
 + Level 4.5 Fighting
 + Level 4.9 Dodging
 + Level 6.5 Unarmed Combat
 + Level 1.3 Translocations
 * Level 6.6 Shapeshifting


You had 4 spell levels left.
You knew the following spells:

 Your Spells              Type           Power      Damage    Failure   Level
a - Teleport Other        Tloc           3%         N/A       47%         3

Your spell library contained the following spells:

 Spells                   Type           Power      Damage    Failure   Level
 Ensorcelled Hibernation  Hex/Ice        0%         N/A       43%         2
 Sublimation of Blood     Necr           0%         N/A       43%         2
 Gell's Gravitas          Tloc           3%         N/A       47%         3
 Fugue of the Fallen      Necr           0%         N/A       67%         3
 Anguish                  Hex/Necr       0%         N/A       97%         4
 Petrify                  Alch/Erth      0%         N/A       97%         4
 Irradiate                Conj/Alch      0%         3d11      100%        5
 Dispersal                Tloc           1%         N/A       100%        6


Dungeon Overview and Level Annotations

Branches:
Dungeon (6/15)             Temple (1/1) D:5

Altars:
Cheibriados
Dithmenos
Elyvilon
Fedhas
Gozag
Hepliaklqana
Kikubaaqudgha
Makhleb
Nemelex Xobeh
Qazlal
Ru
Trog
Uskayaw
Wu Jian
Xom
Yredelemnul
Zin
The Shining One


Innate Abilities, Weirdness & Mutations

You are a hulking beast.
Your limbs bulge with bestial killing power. (Slay +3)
You cannot wear most types of armour.
You are amphibious.
You can wear up to eight rings at the same time.
Your skin changes colour to match your surroundings (Stealth+).
Your rubbery body absorbs attacks. (AC +1, EV +1)
((You are camouflaged when in or above water. (Stealth+)))
You have tentacles for arms and can constrict up to eight enemies at once.


Message History

You are too injured to fight recklessly!
An ice beast is nearby!
You are too injured to fight recklessly!
You are too injured to fight recklessly!
You are too injured to fight recklessly!
An ice beast is nearby!
You tentacle-slap the ice beast.
The ice beast is moderately wounded.
The ice beast misses you.
You tentacle-slap the ice beast but do no damage.
You tentacle-slap the ice beast.
You squeeze the ice beast, but do no damage.
The ice beast is moderately wounded.
The ice beast hits you. The ice beast freezes you!
You tentacle-slap the ice beast.
The ice beast is heavily wounded.
The ice beast hits you. The ice beast freezes you!
* * * LOW HITPOINT WARNING * * *
Okay, then.
You closely miss the ice beast.
The ice beast is heavily wounded.
You tentacle-slap the ice beast.
The ice beast is severely wounded.
The ice beast misses you.
You tentacle-slap the ice beast but do no damage.
The ice beast is severely wounded.
The ice beast hits you but does no damage.
You tentacle-slap the ice beast but do no damage.
You tentacle-slap the ice beast.
The ice beast is severely wounded.
The ice beast closely misses you.
You tentacle-slap the ice beast.
The ice beast is almost dead.
The ice beast closely misses you.
You barely miss the ice beast.
The ice beast is almost dead.
The ice beast hits you.
* * * LOW HITPOINT WARNING * * *
The ice beast freezes you!
You die...

....# #..# #..
....#.# #.... ###
......#
#....#########
....###
#............#
....###.
#............###
........
.>.............#
########
#............#.##
#...............#
#.(...Yh........#
#############...####
#<.....# #...##.#
#..###.# #.#....#
#.##########
#...........
############


You could see an ice beast.

Vanquished Creatures
  A shadow (D:6)
  An ice beast (D:5)
  4 black bears
  A scorpion (D:5)
  A howler monkey (D:5)
  A bombardier beetle (D:3)
  A hound (D:6)
  Crazy Yiuf (D:3)
  An orc priest (D:5)
  A gnoll bouda (D:5)
  2 jellies
  An iguana (D:6)
  Natasha (thrice) (D:2)
  A sleepcap (D:4)
  An orc wizard (D:6)
  13 gnolls
  5 adders
  2 dart slugs
  A ribbon worm (D:3)
  15 orcs
  5 ball pythons
  4 bats
  8 endoplasms
  4 giant cockroaches (D:2)
  4 goblins
  7 hobgoblins
  4 kobolds
  6 quokkas
  3 frilled lizards
  6 rats
108 creatures vanquished.

Notes
Turn   | Place    | Note
-------+----------+-------------------------------------------
     0 | D:1      | Killerpretzel the Octopode Shapeshifter began the quest for
                  | the Orb.
     0 | D:1      | Reached XP level 1. HP: 13/13 MP: 1/1
   271 | D:1      | Reached XP level 2. HP: 18/18 MP: 2/2
   722 | D:2      | Reached XP level 3. HP: 23/23 MP: 3/3
   779 | D:2      | Noticed Natasha
   785 | D:2      | Killed Natasha
   921 | D:2      | Reached XP level 4. HP: 29/29 MP: 4/4
   963 | D:2      | Noticed Natasha
   969 | D:2      | Killed Natasha
  1042 | D:2      | Noticed Natasha
  1050 | D:2      | Killed Natasha
  1147 | D:2      | Reached XP level 5. HP: 34/34 MP: 5/5
  1967 | D:3      | Found a runed translucent door.
  1968 | D:3      | Noticed Crazy Yiuf
  2100 | D:3      | Found a faded altar of an unknown god.
  2202 | D:3      | Killed Crazy Yiuf
  2203 | D:3      | Reached XP level 6. HP: 27/41 MP: 0/6
  2263 | D:3      | Identified a scroll of acquirement
  2263 | D:3      | Acquired a manual of Unarmed Combat
  2386 | D:4      | Found a blossoming altar of Fedhas.
  2587 | D:4      | Noticed a black bear
  2597 | D:4      | Killed a black bear
  2746 | D:4      | Reached skill level 5 in Shapeshifting
  2749 | D:4      | Reached XP level 7. HP: 23/46 MP: 7/7
  2950 | D:4      | Reached skill level 5 in Unarmed Combat
  3394 | D:5      | Entered Level 5 of the Dungeon
  3888 | D:5      | Reached XP level 8. HP: 32/54 MP: 8/8
  4054 | D:5      | Found a shimmering altar of Xom.
  4055 | D:5      | Found a hazy altar of Hepliaklqana.
  4055 | D:5      | Noticed a tentacled monstrosity
  4056 | D:5      | Noticed a spectral ugly thing
  4056 | D:5      | Noticed a tentacled monstrosity
  4131 | D:5      | Found a staircase to the Ecumenical Temple.
  4315 | Temple   | Entered the Ecumenical Temple
  4322 | D:5      | Learned a level 3 spell: Teleport Other
  4795 | D:6      | Noticed a shadow
  4800 | D:6      | Killed a shadow
  4801 | D:6      | Reached skill level 1 in Translocations
  5211 | D:6      | Slain by an ice beast

Illustrated notes

Levels and vault maps discovered:
D:1:      wander_arrival_lonely_grave, layout_loops_ring
D:2:      layout_loops_ring, uniq_natasha
D:3:      layout_rooms, hellmonk_ecumenical_altar_defaced_shrine,
          uniq_crazy_yiuf_cottage
D:4:      layout_cave_pods, mainiacjoe_overflow_alcove_1, serial_bayou_crossing
D:5:      layout_basic, regret_index_temple_of_mockery,
          minmay_temple_entry_drinking_statues, corexii_item_surrounded_by_moat
D:6:      layout_basic, roderic_lattice_a
Temple:   minmay_freezing_vapour_temple

Skill      XL: |  1  2  3  4  5  6  7  8 |
---------------+-------------------------+-----
Fighting       | 2 3 4 |  4.5
Shapeshifting  | 4 5 6 |  6.6
Dodging        | 3 4 |  4.9
Unarmed Combat | 4 5 6 |  6.5
Translocations | 1 |  1.3

Action                     |  1- 3 |  4- 6 |  7- 9 || total
---------------------------+-------+-------+-------++-------
  Melee: Unarmed           |    35 |    79 |    91 ||   205
         Constrict         |     8 |    21 |    23 ||    52
         Tentacles         |     3 |    18 |    23 ||    44
         Punch             |       |     3 |     5 ||     8
  Throw: Stone             |     5 |       |       ||     5
         Javelin           |    17 |    25 |    13 ||    55
         Boomerang         |       |     5 |       ||     5
         Dart              |       |       |     7 ||     7
    Use: Scroll            |     2 |     3 |     1 ||     6
         Potion            |       |     1 |       ||     1
   Stab: Sleeping          |     2 |     2 |     1 ||     5
 Armour: Skin              |    11 |    45 |    51 ||   107
  Dodge: Dodged            |    14 |    43 |    44 ||   101
